 Dungeon Crawl Stone Soup version 0.22.1-2-g9c5b331 (webtiles) character file.

39 Gearfox the Magician (level 3, 0/19 HPs)
             Began as a Deep Elf Wizard on Dec 11, 2018.
             Killed by nerve-wracking pain
             ... invoked by Jessica
              (5 damage)
             ... on level 2 of the Dungeon.
             The game lasted 00:05:34 (1927 turns).

Gearfox the Magician (Deep Elf Wizard)              Turns: 1927, Time: 00:05:35

Health: 0/19       AC:  2    Str:  4    XL:     3   Next: 28%
Magic:  1/12       EV: 15    Int: 23    God:
Gold:   71         SH:  0    Dex: 13    Spells: 10/13 levels left

rFire    . . .     SeeInvis .   g - +1 short sword
rCold    . . .     Gourm    .   (no shield)
rNeg     . . .     Faith    .   a - +0 robe
rPois    .         Spirit   .   b - +0 hat
rElec    .         Reflect  .   (no cloak)
rCorr    .         Harm     .   (no gloves)
MR       .....                  (no boots)
Stlth    ++........             (no amulet)
HPRegen  0.06/turn              f - +2 ring of evasion
MPRegen  0.13/turn              (no ring)

@: very slightly contaminated
A: no striking features
a: no special abilities


You were on level 2 of the Dungeon.
You were not hungry.

You visited 1 branch of the dungeon, and saw 2 of its levels.

You collected 71 gold pieces.

Inventory:

Hand Weapons
 g - a +1 short sword (weapon)
 i - a +0 dagger of draining
Missiles
 c - 51 stones (quivered)
Armour
 a - a +0 robe (worn)
 b - a +0 hat (worn)
Jewellery
 f - a +2 ring of evasion (left hand)
 k - an uncursed ring of flight {unknown}
Scrolls
 h - a scroll of random uselessness {unknown}
 m - a scroll of remove curse
Potions
 e - a potion of curing
 j - a potion of resistance {unknown}
Comestibles
 d - a ration
 l - 2 chunks of flesh


   Skills:
 * Level 0.3 Fighting
 - Level 2.4 Dodging
 - Level 2.4 Stealth
 * Level 5.6 Spellcasting
 * Level 1.4 Conjurations
 * Level 1.7 Summonings
   Level 1.1 Translocations


You had 10 spell levels left.
You knew the following spells:

 Your Spells              Type           Power        Failure   Level  Hunger
a - Magic Dart            Conj           ##..         4%          1    None
b - Call Imp              Summ           ##......     6%          2    None

Your spell library contained the following spells:

 Spells                   Type           Power        Failure   Level  Hunger
 Blink                    Tloc           N/A          9%          2    None
 Slow                     Hex            #.......     14%         2    None
 Conjure Flame            Conj/Fire      #.......     21%         3    #......
 Mephitic Cloud           Conj/Pois/Air  #.......     22%         3    #......


Dungeon Overview and Level Annotations

Branches:
Dungeon (2/15)

Altars:

Annotations:
D:2 Jessica


Message History

The dart slug launches a dart at you. The slug dart misses you.
Casting: Magic Dart (safe; 4% risk of failure)
Confirm with . or Enter, or press ? or * to list all spells.
Aiming: Magic Dart (safe; 4% risk of failure)
Press: ? - help, Shift-Dir - straight line, f/p - dart slug
Aim: a dart slug (moderately wounded)
The magic dart hits the dart slug.
The dart slug is severely wounded.
Casting: Magic Dart (safe; 4% risk of failure)
Confirm with . or Enter, or press ? or * to list all spells.
Aiming: Magic Dart (safe; 4% risk of failure)
Press: ? - help, Shift-Dir - straight line, f/p - dart slug
Aim: a dart slug (severely wounded)
The magic dart hits Jessica.
Jessica is severely wounded.
Jessica misses you.
Jessica points at you and mumbles some strange words.
Pain shoots through your body!
You die...

### .... #####....
#####.......
#######.......#
#.@@.w.......#
#.#####.###..# #.
#.# #..# #. #.#
#..# #. ##.###..#
#. #.......# #.
#).#....#
#.####..#.##.#
##............#####


You could see a dart slug and Jessica.

Vanquished Creatures
  2 adders (D:2)
  An ooze (D:1)
  A ball python (D:1)
  A giant cockroach (D:1)
  3 hobgoblins
  3 jackals (D:1)
  3 bats
  2 frilled lizards (D:2)
  2 kobolds (D:1)
  A rat (D:1)
19 creatures vanquished.

Notes
Turn   | Place    | Note
-------+----------+-------------------------------------------
     0 | D:1      | Gearfox the Deep Elf Wizard began the quest for the Orb.
     0 | D:1      | Reached XP level 1. HP: 10/10 MP: 7/7
   577 | D:1      | Reached skill level 5 in Spellcasting
   577 | D:1      | Reached XP level 2. HP: 15/15 MP: 8/10
   581 | D:1      | Learned a level 2 spell: Call Imp
  1767 | D:2      | Reached XP level 3. HP: 19/19 MP: 7/12
  1904 | D:2      | Noticed Jessica
  1927 | D:2      | Killed from afar by Jessica

Skill      XL: |  1 |
---------------+----+-----
Spellcasting   | 5 |  5.6
Fighting       | |  0.3
Dodging        | |  2.4
Stealth        | |  2.4
Conjurations   | |  1.4
Summonings     | |  1.7
Translocations | |  1.1

Action                   || total
-------------------------++-------
Melee: Unarmed           ||     1
       Short sword       ||     1
 Cast: Magic Dart        ||    66
       Call Imp          ||     1
  Use: Scroll            ||     5
  Eat: Chunk             ||     3
Armor: Robe              ||     2
Dodge: Dodged            ||    27
